 Dungeon Crawl Stone Soup version 0.30-a0-161-gdd60e06945 (webtiles) character file.

Game seed: 1934473995061556135

68 qw the Chopper (level 4, -2/28 HPs)
             Began as a Gargoyle Fighter on Sept 27, 2022.
             Slain by Sigmund
             ... wielding a +0 vorpal scythe
              (3 damage)
             ... on level 2 of the Dungeon.
             The game lasted 00:00:39 (2011 turns).

qw the Chopper (Gargoyle Fighter)                   Turns: 2011, Time: 00:00:40

Health: -2/28      AC: 10    Str: 22    XL:     4   Next: 19%
Magic:  4/4        EV:  9    Int:  8    God:
Gold:   68         SH:  4    Dex:  9    Spells: 3/3 levels left

rFire   . . .      SeeInvis .    Y - +1 war axe
rCold   . . .      Faith    .    c - +0 buckler
rNeg    + . .      Spirit   .    b - +0 scale mail
rPois   inf        Reflect  .    (no helmet)
rElec   +          Harm     .    (no cloak)
rCorr   .          Rampage  .    (no gloves)
Will    .....                    (no boots)
Stlth   ..........               (no amulet)
HPRegen 0.09/turn                (no ring)
MPRegen 0.09/turn                (no ring)

@: no status effects
A: sickness immunity, AC +3, negative energy resistance 1, electricity
resistance, torment resistance 1, petrification resistance
a: no special abilities


You were on level 2 of the Dungeon.
You visited 1 branch of the dungeon, and saw 2 of its levels.

You collected 68 gold pieces.


Innate Abilities, Weirdness & Mutations

You are immune to sickness and miasma.
Your stone body is resilient. (AC +3)
You are immune to poison.
You resist negative energy. (rN+)
You are resistant to electric shocks. (rElec)
You are resistant to unholy torment.
You are immune to petrification.


   Skills:
 - Level 3.2 Fighting
 + Level 3.9 Axes
 - Level 3.2 Armour
 - Level 3.2 Shields


You had 3 spell levels left.
You didn't know any spells.
Your spell library was empty.

Inventory:

Hand Weapons
 m - a +0 flail
 Y - a +1 war axe (weapon)
Armour
 a - a +0 chain mail
 b - a +0 scale mail (worn)
 c - a +0 buckler (worn)
Jewellery
 f - a ring of wizardry
Scrolls
 e - a scroll of identify
 g - a scroll of teleportation {unknown}
 h - 2 scrolls of blinking {unknown}
 i - a scroll of torment {unknown}
 l - a scroll of fog {unknown}
 n - a scroll of fear {unknown}
Potions
 d - a potion of might
 j - a potion of brilliance {unknown}
 k - a potion of mutation {unknown}

Dungeon Overview and Level Annotations

Branches:
Dungeon (2/15)

Altars:

Annotations:
D:2 Sigmund


Message History

1974 ||| DROPPING +0 mace.
You drop a +0 mace.
h - 2 scrolls labelled UVUIT CIYTI (gained 1)
You now have 61 gold pieces (gained 6).
Things that are here:
a +0 dagger; a goblin corpse
Found 6 poisoned darts.
g - a scroll labelled COSUUCOELA You now have 68 gold pieces (gained 7).
Sigmund the Dreaded comes into view.
He is wielding a +0 vorpal scythe.
Sigmund shouts!
1996 ||| Stepping ~*~*~tactically~*~*~ (hiding).
You start waiting.
Sigmund is nearby!
You hit Sigmund but do no damage.
Sigmund hits you with a +0 vorpal scythe.
You slash Sigmund!
Sigmund is moderately wounded.
Sigmund points at you and mumbles some strange words.
You are confused.
Sigmund hits you with a +0 vorpal scythe.
You barely miss Sigmund.
Sigmund is moderately wounded.
Sigmund hits you with a +0 vorpal scythe!
Sigmund barely misses you. Sigmund hits you but does no damage.
You bump into the rock wall.
You slash Sigmund!
Sigmund is heavily wounded.
You feel less confused. Sigmund barely misses you.
You hit Sigmund but do no damage.
Sigmund is heavily wounded.
Sigmund hits you with a +0 vorpal scythe.
You hit Sigmund.
Sigmund is severely wounded.
You block Sigmund's attack.
You barely miss Sigmund.
Sigmund is severely wounded.
Sigmund hits you with a +0 vorpal scythe.
You die...

# .. ..# #.###.###
.......# ..
##.#.#.#
....###....#.###
...@.......#...##
###@.....#..#
###.@.......#.#
##........##.#.#
#..######..#...#
##..#....##.##..#
#.........#..#..#
#.......(.#..#.##
#))#......#..#.# ..
#.)#......#..#.#
...##.##..(.##.##.#


You could see Sigmund.

Vanquished Creatures
  A gnoll (D:2)
  An adder (D:2)
  2 bats (D:2)
  5 endoplasms
  2 giant cockroaches
  4 goblins
  6 hobgoblins
  3 quokkas (D:2)
  7 ball pythons
  5 frilled lizards
  5 kobolds
  5 rats
46 creatures vanquished.

Notes
Turn   | Place    | Note
-------+----------+-------------------------------------------
     0 | D:1      | qw the Gargoyle Fighter began the quest for the Orb.
     0 | D:1      | Reached XP level 1. HP: 14/14 MP: 1/1
     0 | D:1      | 0 ||| qw: Version: 0.2-a-10-g37ed214
     0 | D:1      | 0 ||| qw: Game counter: 663
     0 | D:1      | 0 ||| qw: Always use a shield: true
     0 | D:1      | 0 ||| qw: God list: Okawaru
     0 | D:1      | 0 ||| qw: Allow faded altars: false
     0 | D:1      | 0 ||| qw: Do Orc after D:15 true
     0 | D:1      | 0 ||| qw: Do second Lair branch before Depths: true
     0 | D:1      | 0 ||| qw: Lair rune preference: random
     0 | D:1      | 0 ||| qw: Plans: Normal, Zot:1-4, God:TSO, Crypt, Tomb,
                  | Pan, Slime:5, Hells, Abyss, Orb
     0 | D:1      | 0 ||| PLANNING D:1-11
   137 | D:1      | 137 ||| Stepping ~*~*~tactically~*~*~ (stealth).
   145 | D:1      | Reached XP level 2. HP: 14/19 MP: 2/2
   420 | D:1      | 420 ||| DROPPING +0 club.
   762 | D:1      | Reached skill level 3 in Axes
   890 | D:1      | Reached XP level 3. HP: 23/23 MP: 3/3
  1260 | D:1      | 1260 ||| READING scroll labelled VOLEDW QIBE.
  1261 | D:1      | 1261 ||| READING scroll labelled ZEOGREOTIZ.
  1262 | D:1      | 1262 ||| READING scroll labelled XOELER OMOCH.
  1263 | D:1      | 1263 ||| READING scroll labelled ONASTIHOGA.
  1436 | D:2      | Found a faded altar of an unknown god.
  1908 | D:2      | 1908 ||| Stepping ~*~*~tactically~*~*~ (stealth).
  1911 | D:2      | 1911 ||| Stepping ~*~*~tactically~*~*~ (stealth).
  1934 | D:2      | Reached XP level 4. HP: 25/28 MP: 4/4
  1939 | D:2      | 1939 ||| Stepping ~*~*~tactically~*~*~ (stealth).
  1957 | D:2      | 1957 ||| Stepping ~*~*~tactically~*~*~ (stealth).
  1958 | D:2      | 1958 ||| Stepping ~*~*~tactically~*~*~ (stealth).
  1959 | D:2      | 1959 ||| Stepping ~*~*~tactically~*~*~ (stealth).
  1974 | D:2      | 1974 ||| DROPPING +0 mace.
  1995 | D:2      | Noticed Sigmund
  1996 | D:2      | 1996 ||| Stepping ~*~*~tactically~*~*~ (hiding).
  2003 | D:2      | HP: 6/28 [Sigmund/+0 vorpal scythe (9)]
  2009 | D:2      | HP: 2/28 [Sigmund/+0 vorpal scythe (3)]
  2011 | D:2      | Slain by Sigmund

Levels and vault maps discovered:
D:1:      dpeg_arrival_rhombi, layout_loops_ring
D:2:      layout_loops_corners, ebering_ecumenical_altar_petrified,
          grunt_ministairs_12, minmay_randomly_rotated_circles, uniq_sigmund

Skill      XL: |  1  2 |
---------------+-------+-----
Axes           | 2 3 |  3.9
Fighting       | |  3.2
Armour         | |  3.2
Shields        | |  3.2

Action                   |  1- 3 |  4- 6 || total
-------------------------+-------+-------++-------
Melee: War axe           |   108 |    13 ||   121
  Use: Scroll            |     4 |       ||     4
Armor: Scale mail        |    55 |     3 ||    58
Dodge: Dodged            |    42 |     4 ||    46
Block: Buckler           |    13 |     2 ||    15

Table legend:
 A = Non-vault XP
 B = Vault XP
 C = Vault XP percentage of total XP
 D = Non-vault monster count
 E = Vault monster count
 F = Vault count percentage of total count
                 A         B        C        D         E       F
            +---------+---------+-------+---------+---------+-------
      Total |      58 |      40 |  40.8 |      36 |      10 |  21.7
            +---------+---------+-------+---------+---------+-------
        D:1 |      45 |       0 |   0.0 |      28 |       0 |   0.0
        D:2 |      13 |      40 |  75.5 |       8 |      10 |  55.6
            +---------+---------+-------+---------+---------+-------
